[ PARTIDA AOE2 · #477254791 ]
UnrankedRomanos vs Teutons
[ ANÁLISIS DE REPETICIÓN · EXTRAÍDO DE LA PARTIDA GRABADA ]
Feudal
10:49
Castillos
18:58
Imperial
34:18
| APM promedio | 24.1 |
| APM pico | 86 |
| eAPM promedio | 20.0 |
| Aldeanos / militares | 145 / 590 |
Foco
⚔️ 59.6% · 🌾 40.4%
Militia ×421 · Scorpion ×140 · Centurion ×16 · Trebuchet (Packed) ×11 · Trade Cart ×10 · Monk ×2
Feudal
11:43
Castillos
20:24
Imperial
30:09
| APM promedio | 17.7 |
| APM pico | 59 |
| eAPM promedio | 12.6 |
| Aldeanos / militares | 86 / 279 |
Foco
⚔️ 50.1% · 🌾 49.9%
Knight ×188 · Teutonic Knight ×63 · Trade Cart ×46 · Bombard Cannon ×13 · Petard ×11 · Trebuchet (Packed) ×4
Feudal
8:43
Castillos
24:00
Imperial
42:50
| APM promedio | 19.2 |
| APM pico | 59 |
| eAPM promedio | 14.0 |
| Aldeanos / militares | 204 / 182 |
Foco
⚔️ 30.6% · 🌾 69.4%
Spearman ×71 · Knight ×51 · Cavalry Archer ×42 · Scout Cavalry ×17 · Monk ×1
Feudal
12:21
Castillos
20:09
Imperial
31:51
| APM promedio | 19.9 |
| APM pico | 75 |
| eAPM promedio | 13.0 |
| Aldeanos / militares | 118 / 155 |
Foco
⚔️ 31.0% · 🌾 69.0%
Spearman ×89 · Knight ×33 · Serjeant ×30 · Trade Cart ×15 · Trebuchet (Packed) ×2 · Monk ×1
Feudal
9:53
Castillos
17:43
Imperial
30:56
| APM promedio | 15.8 |
| APM pico | 53 |
| eAPM promedio | 11.3 |
| Aldeanos / militares | 99 / 507 |
Foco
⚔️ 37.9% · 🌾 62.1%
Scout Cavalry ×275 · Spearman ×148 · Mangudai ×41 · Mangonel ×39 · Trade Cart ×11 · Monk ×2
Feudal
11:00
Castillos
16:21
Imperial
34:46
| APM promedio | 31.6 |
| APM pico | 67 |
| eAPM promedio | 15.3 |
| Aldeanos / militares | 95 / 511 |
Foco
⚔️ 42.9% · 🌾 57.1%
Scout Cavalry ×321 · Spearman ×156 · Leitis ×13 · Knight ×8 · Trebuchet (Packed) ×5 · Monk ×4
Mapa de la partida
Recursos iniciales + cada clic de construcción. Líneas = muros · curvas = relieve. ◆ oro · ⬟ piedra · ● bayas · ✦ reliquia · ◌ hueco del cierre
Tu base· ✓ Cerrada en 18:58 · 0t muro · 2 puerta(s)
Base de marccm25· ✓ Cerrada en 20:24 · 1t muro · 4 puerta(s)
Base de sharkisurf· ✓ Cerrada en 24:00 · 0t muro · 3 puerta(s)
Base de DSG16· ✓ Cerrada en 20:09 · 3t muro · 3 puerta(s)
Base de TURK· ✓ Cerrada en 17:43 · 0t muro · 2 puerta(s)
Base de Ten2004· ✓ Cerrada en 16:21 · 0t muro · 2 puerta(s)
Terreno inicial suavizado · ◌ = hueco del cierre detectado · pasá el cursor para detalles
Inputs por minuto
— djoann.fal - - marccm25
Build order — djoann.fal
Primeras 150 de 912 acciones detectadas
| 0:02 | Crear | Villager (Male) |
| 0:02 | Crear | Villager (Male) |
| 0:03 | Crear | Villager (Male) |
| 0:05 | Construir | House |
| 0:09 | Construir | House |
| 1:07 | Crear | Villager (Male) |
| 1:08 | Crear | Villager (Male) |
| 1:08 | Crear | Villager (Male) |
| 1:33 | Crear | Villager (Male) |
| 1:34 | Crear | Villager (Male) |
| 1:34 | Crear | Villager (Male) |
| 1:52 | Construir | Lumber Camp |
| 2:05 | Crear | Villager (Male) |
| 2:05 | Crear | Villager (Male) |
| 2:05 | Crear | Villager (Male) |
| 2:30 | Crear | Villager (Male) |
| 2:30 | Crear | Villager (Male) |
| 2:30 | Crear | Villager (Male) |
| 3:20 | Crear | Villager (Male) |
| 3:21 | Crear | Villager (Male) |
| 3:21 | Crear | Villager (Male) |
| 3:52 | Crear | Villager (Male) |
| 3:52 | Crear | Villager (Male) |
| 4:17 | Crear | Villager (Male) |
| 4:48 | Crear | Villager (Male) |
| 4:48 | Crear | Villager (Male) |
| 5:11 | Construir | House |
| 6:10 | Construir | Mill |
| 6:20 | Crear | Villager (Male) |
| 6:27 | Crear | Villager (Male) |
| 6:59 | Crear | Villager (Male) |
| 7:19 | Construir | Mill |
| 7:22 | Crear | Villager (Male) |
| 7:42 | Construir | House |
| 7:58 | Construir | House |
| 8:21 | Construir | Mining Camp |
| 8:39 | Investigar | Feudal Age |
| 9:21 | Investigar | Loom |
| 10:21 | Construir | Farm |
| 10:22 | Construir | Farm |
| 10:22 | Construir | Farm |
| 10:49 | Edad | Edad Feudal |
| 10:54 | Crear | Villager (Male) |
| 10:55 | Crear | Villager (Male) |
| 11:15 | Construir | Farm |
| 11:21 | Crear | Villager (Male) |
| 11:38 | Construir | Farm |
| 11:59 | Investigar | Double-Bit Axe |
| 12:12 | Investigar | Horse Collar |
| 12:17 | Crear | Villager (Male) |
| 12:43 | Crear | Villager (Male) |
| 13:04 | Construir | Farm |
| 13:41 | Construir | Blacksmith |
| 14:09 | Construir | Farm |
| 14:12 | Crear | Villager (Male) |
| 14:13 | Crear | Villager (Male) |
| 14:15 | Crear | Villager (Male) |
| 14:33 | Construir | Market |
| 14:42 | Construir | House |
| 15:11 | Crear | Villager (Male) |
| 15:19 | Construir | Mining Camp |
| 15:38 | Crear | Villager (Male) |
| 15:49 | Crear | Villager (Male) |
| 16:18 | Investigar | Castle Age |
| 16:27 | Construir | Barracks |
| 17:04 | Construir | House |
| 17:30 | Construir | Lumber Camp |
| 18:17 | Crear | Villager (Male) |
| 18:17 | Crear | Villager (Male) |
| 18:36 | Investigar | Man-at-Arms (upgrade) |
| 18:39 | Crear | Militia |
| 18:39 | Crear | Militia |
| 18:39 | Crear | Militia |
| 18:40 | Crear | Militia |
| 18:41 | Crear | Militia |
| 18:47 | Investigar | Gold Mining |
| 18:50 | Investigar | Stone Mining |
| 18:58 | Edad | Edad de los Castillos |
| 19:06 | Construir | Town Center |
| 19:13 | Construir | Farm |
| 19:13 | Construir | Farm |
| 19:13 | Construir | Farm |
| 19:13 | Construir | Farm |
| 19:14 | Construir | Farm |
| 19:57 | Investigar | Bow Saw |
| 20:02 | Crear | Villager (Male) |
| 20:02 | Crear | Villager (Male) |
| 20:03 | Crear | Villager (Male) |
| 20:17 | Construir | Farm |
| 20:20 | Crear | Villager (Male) |
| 20:20 | Crear | Villager (Male) |
| 20:41 | Construir | House |
| 20:48 | Crear | Villager (Male) |
| 20:49 | Crear | Villager (Male) |
| 20:55 | Crear | Villager (Male) |
| 20:56 | Crear | Villager (Male) |
| 20:56 | Crear | Villager (Male) |
| 21:01 | Construir | Farm |
| 21:01 | Construir | Farm |
| 21:01 | Construir | Farm |
| 21:02 | Construir | Farm |
| 21:02 | Construir | Farm |
| 21:02 | Construir | Farm |
| 21:08 | Crear | Villager (Male) |
| 21:08 | Crear | Villager (Male) |
| 21:08 | Crear | Villager (Male) |
| 21:26 | Crear | Militia |
| 21:27 | Crear | Militia |
| 21:42 | Crear | Villager (Male) |
| 21:42 | Crear | Villager (Male) |
| 21:42 | Crear | Villager (Male) |
| 21:56 | Crear | Villager (Male) |
| 22:17 | Construir | Barracks |
| 22:18 | Crear | Villager (Male) |
| 22:18 | Crear | Villager (Male) |
| 22:25 | Construir | Farm |
| 22:26 | Construir | Farm |
| 22:26 | Construir | Farm |
| 22:26 | Construir | Farm |
| 22:26 | Construir | Farm |
| 22:28 | Crear | Villager (Male) |
| 22:28 | Crear | Villager (Male) |
| 22:29 | Crear | Villager (Male) |
| 22:43 | Investigar | Heavy Plow |
| 22:57 | Crear | Villager (Male) |
| 22:57 | Crear | Villager (Male) |
| 23:06 | Construir | House |
| 23:08 | Crear | Villager (Male) |
| 23:08 | Crear | Villager (Male) |
| 23:19 | Investigar | Wheelbarrow |
| 23:29 | Construir | Farm |
| 23:29 | Construir | Farm |
| 23:30 | Construir | Farm |
| 23:49 | Crear | Villager (Male) |
| 23:50 | Crear | Villager (Male) |
| 23:50 | Crear | Villager (Male) |
| 24:06 | Construir | Mining Camp |
| 24:08 | Crear | Villager (Male) |
| 24:08 | Crear | Villager (Male) |
| 24:14 | Crear | Villager (Male) |
| 24:25 | Construir | Farm |
| 24:25 | Construir | Farm |
| 24:25 | Construir | Farm |
| 24:25 | Construir | Farm |
| 24:27 | Crear | Villager (Male) |
| 24:27 | Crear | Villager (Male) |
| 24:27 | Crear | Villager (Male) |
| 24:37 | Construir | House |
| 24:41 | Construir | House |
| 24:43 | Construir | House |
Build order — marccm25
Primeras 150 de 589 acciones detectadas
| 0:06 | Construir | House |
| 0:10 | Construir | House |
| 0:10 | Crear | Villager (Male) |
| 0:11 | Crear | Villager (Male) |
| 0:11 | Crear | Villager (Male) |
| 0:11 | Crear | Villager (Male) |
| 1:46 | Crear | Villager (Male) |
| 2:14 | Crear | Villager (Male) |
| 2:22 | Construir | House |
| 2:28 | Construir | House |
| 2:37 | Construir | House |
| 2:48 | Construir | Lumber Camp |
| 2:50 | Crear | Villager (Male) |
| 3:18 | Crear | Villager (Male) |
| 3:36 | Crear | Villager (Male) |
| 3:51 | Crear | Villager (Male) |
| 3:52 | Crear | Villager (Male) |
| 4:41 | Crear | Villager (Male) |
| 5:18 | Crear | Villager (Male) |
| 5:40 | Crear | Villager (Male) |
| 5:43 | Crear | Villager (Male) |
| 5:43 | Crear | Villager (Male) |
| 6:15 | Crear | Villager (Male) |
| 6:15 | Crear | Villager (Male) |
| 6:53 | Crear | Villager (Male) |
| 6:54 | Crear | Villager (Male) |
| 7:06 | Construir | Mill |
| 7:13 | Crear | Villager (Male) |
| 7:15 | Crear | Villager (Male) |
| 8:04 | Construir | Mill |
| 9:00 | Investigar | Feudal Age |
| 9:12 | Construir | House |
| 9:14 | Construir | House |
| 9:43 | Construir | Mining Camp |
| 10:23 | Crear | Villager (Male) |
| 10:24 | Crear | Villager (Male) |
| 10:24 | Crear | Villager (Male) |
| 10:24 | Crear | Villager (Male) |
| 10:25 | Crear | Villager (Male) |
| 11:43 | Edad | Edad Feudal |
| 11:44 | Investigar | Double-Bit Axe |
| 11:46 | Investigar | Stone Mining |
| 12:20 | Construir | Stone Wall |
| 12:26 | Construir | Gate |
| 12:33 | Construir | House |
| 13:12 | Construir | Market |
| 13:17 | Construir | Blacksmith |
| 13:24 | Investigar | Horse Collar |
| 13:41 | Construir | Farm |
| 13:43 | Construir | Farm |
| 13:46 | Construir | Farm |
| 13:47 | Construir | Farm |
| 13:59 | Construir | Farm |
| 14:00 | Construir | Farm |
| 14:01 | Construir | Farm |
| 14:02 | Construir | Farm |
| 14:05 | Construir | Farm |
| 14:08 | Construir | Farm |
| 14:10 | Construir | Farm |
| 14:12 | Construir | Farm |
| 14:20 | Crear | Villager (Male) |
| 14:21 | Crear | Villager (Male) |
| 14:21 | Crear | Villager (Male) |
| 14:21 | Crear | Villager (Male) |
| 14:28 | Construir | Farm |
| 14:40 | Construir | Farm |
| 14:41 | Construir | Farm |
| 14:42 | Construir | Farm |
| 14:43 | Construir | Farm |
| 15:01 | Construir | Mining Camp |
| 15:15 | Construir | Farm |
| 15:28 | Investigar | Gold Mining |
| 15:58 | Construir | Farm |
| 16:02 | Crear | Villager (Male) |
| 16:02 | Crear | Villager (Male) |
| 16:54 | Crear | Villager (Male) |
| 16:54 | Crear | Villager (Male) |
| 16:59 | Construir | Farm |
| 17:00 | Construir | Farm |
| 17:42 | Investigar | Castle Age |
| 18:19 | Construir | House |
| 18:22 | Construir | House |
| 18:24 | Construir | House |
| 18:27 | Construir | House |
| 18:32 | Construir | Gate |
| 19:02 | Crear | Villager (Male) |
| 19:03 | Crear | Villager (Male) |
| 19:03 | Crear | Villager (Male) |
| 19:03 | Crear | Villager (Male) |
| 19:05 | Crear | Villager (Male) |
| 20:24 | Edad | Edad de los Castillos |
| 20:30 | Construir | Town Center |
| 20:40 | Construir | Castle |
| 20:51 | Investigar | Bow Saw |
| 20:52 | Investigar | Heavy Plow |
| 20:58 | Investigar | Stone Shaft Mining |
| 21:26 | Construir | Town Center |
| 21:34 | Crear | Villager (Male) |
| 21:35 | Crear | Villager (Male) |
| 21:35 | Crear | Villager (Male) |
| 21:35 | Crear | Villager (Male) |
| 21:46 | Investigar | Wheelbarrow |
| 22:07 | Construir | Farm |
| 22:07 | Construir | Farm |
| 22:08 | Construir | Farm |
| 22:09 | Construir | Farm |
| 22:10 | Construir | Farm |
| 23:03 | Crear | Villager (Male) |
| 23:03 | Crear | Villager (Male) |
| 23:04 | Crear | Villager (Male) |
| 23:09 | Crear | Villager (Male) |
| 23:09 | Crear | Villager (Male) |
| 23:19 | Crear | Villager (Male) |
| 23:19 | Crear | Villager (Male) |
| 23:20 | Crear | Villager (Male) |
| 23:21 | Crear | Villager (Male) |
| 23:54 | Construir | Market |
| 23:54 | Crear | Villager (Male) |
| 24:14 | Construir | Market |
| 24:16 | Construir | Market |
| 24:20 | Construir | Market |
| 24:50 | Crear | Petard |
| 24:50 | Crear | Petard |
| 24:51 | Crear | Petard |
| 25:11 | Investigar | Hand Cart |
| 25:30 | Crear | Villager (Male) |
| 25:30 | Crear | Villager (Male) |
| 25:31 | Crear | Villager (Male) |
| 26:19 | Investigar | Town Watch |
| 26:23 | Crear | Villager (Male) |
| 26:23 | Crear | Villager (Male) |
| 26:59 | Investigar | Imperial Age |
| 27:04 | Crear | Villager (Male) |
| 27:04 | Crear | Villager (Male) |
| 27:46 | Investigar | Forging |
| 27:47 | Investigar | Scale Barding Armor |
| 27:49 | Investigar | Caravan |
| 29:35 | Construir | Barracks |
| 29:46 | Construir | Castle |
| 30:09 | Edad | Edad Imperial |
| 30:11 | Crear | Trebuchet (Packed) |
| 30:11 | Crear | Trebuchet (Packed) |
| 30:16 | Investigar | Iron Casting |
| 30:17 | Investigar | Chain Barding Armor |
| 30:28 | Construir | Stable |
| 30:30 | Construir | Stable |
| 30:32 | Construir | Stable |
| 30:34 | Construir | Stable |
| 30:35 | Construir | Stable |
| 30:37 | Construir | Stable |
Build order — sharkisurf
Primeras 150 de 660 acciones detectadas
| 0:04 | Construir | House |
| 0:05 | Construir | House |
| 0:08 | Crear | Villager (Male) |
| 0:08 | Crear | Villager (Male) |
| 0:09 | Crear | Villager (Male) |
| 0:09 | Crear | Villager (Male) |
| 1:30 | Crear | Villager (Male) |
| 2:15 | Crear | Villager (Male) |
| 2:29 | Crear | Villager (Male) |
| 3:06 | Crear | Villager (Male) |
| 3:35 | Crear | Villager (Male) |
| 4:19 | Crear | Villager (Male) |
| 4:26 | Construir | House |
| 4:45 | Crear | Villager (Male) |
| 4:58 | Crear | Villager (Male) |
| 5:14 | Construir | Lumber Camp |
| 5:56 | Construir | Mill |
| 6:33 | Investigar | Feudal Age |
| 6:34 | Investigar | Feudal Age |
| 8:08 | Construir | House |
| 8:35 | Investigar | Loom |
| 8:37 | Crear | Villager (Male) |
| 8:38 | Crear | Villager (Male) |
| 8:39 | Crear | Villager (Male) |
| 8:43 | Edad | Edad Feudal |
| 8:44 | Construir | House |
| 9:03 | Construir | Town Center |
| 9:14 | Crear | Villager (Male) |
| 10:11 | Construir | Farm |
| 10:16 | Construir | Farm |
| 10:55 | Crear | Villager (Male) |
| 11:13 | Construir | Farm |
| 11:17 | Crear | Villager (Male) |
| 11:23 | Construir | Farm |
| 11:28 | Crear | Villager (Male) |
| 11:29 | Crear | Villager (Male) |
| 11:29 | Crear | Villager (Male) |
| 11:30 | Crear | Villager (Male) |
| 11:30 | Crear | Villager (Male) |
| 11:49 | Construir | Farm |
| 12:02 | Crear | Villager (Male) |
| 12:09 | Construir | Farm |
| 12:34 | Investigar | Double-Bit Axe |
| 12:46 | Construir | Farm |
| 13:01 | Construir | Farm |
| 13:18 | Crear | Villager (Male) |
| 13:24 | Crear | Villager (Male) |
| 13:26 | Crear | Villager (Male) |
| 13:26 | Crear | Villager (Male) |
| 13:35 | Construir | Farm |
| 13:49 | Construir | Farm |
| 13:53 | Crear | Villager (Male) |
| 14:15 | Construir | Farm |
| 14:30 | Construir | Lumber Camp |
| 14:35 | Crear | Villager (Male) |
| 14:35 | Crear | Villager (Male) |
| 14:36 | Crear | Villager (Male) |
| 14:59 | Construir | Mill |
| 15:04 | Crear | Villager (Male) |
| 15:04 | Crear | Villager (Male) |
| 15:10 | Construir | House |
| 15:13 | Construir | House |
| 15:19 | Investigar | Horse Collar |
| 15:40 | Construir | Barracks |
| 15:55 | Crear | Villager (Male) |
| 15:55 | Crear | Villager (Male) |
| 16:10 | Crear | Villager (Male) |
| 16:25 | Construir | Farm |
| 16:33 | Construir | Blacksmith |
| 16:38 | Crear | Villager (Male) |
| 16:38 | Crear | Villager (Male) |
| 16:39 | Crear | Villager (Male) |
| 16:53 | Crear | Villager (Male) |
| 17:28 | Construir | House |
| 17:30 | Construir | House |
| 17:43 | Construir | Farm |
| 17:45 | Construir | Farm |
| 17:47 | Construir | Farm |
| 17:52 | Construir | Farm |
| 17:59 | Construir | Farm |
| 18:03 | Construir | Farm |
| 18:04 | Construir | Farm |
| 18:09 | Crear | Villager (Male) |
| 18:10 | Crear | Villager (Male) |
| 18:11 | Crear | Villager (Male) |
| 18:25 | Investigar | Wheelbarrow |
| 18:41 | Construir | House |
| 18:42 | Construir | House |
| 18:48 | Construir | Stable |
| 18:55 | Construir | Market |
| 18:58 | Crear | Villager (Male) |
| 18:58 | Crear | Villager (Male) |
| 18:58 | Crear | Villager (Male) |
| 19:01 | Crear | Villager (Male) |
| 19:09 | Crear | Villager (Male) |
| 19:10 | Crear | Villager (Male) |
| 19:10 | Crear | Villager (Male) |
| 19:16 | Construir | Lumber Camp |
| 19:24 | Crear | Villager (Male) |
| 19:42 | Construir | Farm |
| 19:45 | Construir | Farm |
| 19:48 | Construir | Farm |
| 19:52 | Construir | Farm |
| 19:56 | Construir | Farm |
| 19:58 | Crear | Villager (Male) |
| 19:59 | Crear | Villager (Male) |
| 20:39 | Construir | Stable |
| 20:57 | Investigar | Castle Age |
| 21:06 | Construir | Farm |
| 21:24 | Construir | Farm |
| 21:30 | Crear | Villager (Male) |
| 21:30 | Crear | Villager (Male) |
| 21:39 | Construir | Siege Workshop |
| 21:46 | Construir | House |
| 21:49 | Construir | House |
| 21:49 | Construir | House |
| 21:54 | Investigar | Bloodlines |
| 21:57 | Investigar | Forging |
| 21:58 | Investigar | Scale Barding Armor |
| 22:10 | Construir | House |
| 22:12 | Construir | House |
| 22:14 | Construir | House |
| 22:15 | Construir | House |
| 22:20 | Crear | Villager (Male) |
| 22:20 | Crear | Villager (Male) |
| 22:28 | Construir | Mining Camp |
| 22:51 | Crear | Villager (Male) |
| 22:51 | Crear | Villager (Male) |
| 23:07 | Investigar | Gold Mining |
| 23:13 | Investigar | Stone Mining |
| 23:31 | Construir | House |
| 23:34 | Construir | House |
| 23:38 | Construir | Farm |
| 23:40 | Construir | Farm |
| 23:46 | Construir | Farm |
| 23:51 | Construir | Farm |
| 23:54 | Construir | Farm |
| 24:00 | Edad | Edad de los Castillos |
| 24:07 | Crear | Villager (Male) |
| 24:07 | Crear | Villager (Male) |
| 24:08 | Crear | Villager (Male) |
| 24:08 | Crear | Villager (Male) |
| 24:09 | Crear | Villager (Male) |
| 24:10 | Crear | Villager (Male) |
| 24:10 | Crear | Villager (Male) |
| 24:12 | Crear | Villager (Male) |
| 24:18 | Construir | House |
| 24:19 | Construir | House |
| 24:45 | Investigar | Capped Ram (upgrade) |
| 24:53 | Investigar | Chain Barding Armor |
Build order — DSG16
Primeras 150 de 450 acciones detectadas
| 0:02 | Construir | House |
| 0:05 | Construir | House |
| 0:05 | Crear | Villager (Male) |
| 0:06 | Crear | Villager (Male) |
| 0:06 | Crear | Villager (Male) |
| 0:06 | Crear | Villager (Male) |
| 2:01 | Construir | Lumber Camp |
| 2:02 | Crear | Villager (Male) |
| 2:03 | Crear | Villager (Male) |
| 3:01 | Construir | House |
| 3:01 | Construir | House |
| 3:02 | Construir | House |
| 3:11 | Crear | Villager (Male) |
| 3:11 | Crear | Villager (Male) |
| 3:12 | Crear | Villager (Male) |
| 4:24 | Crear | Villager (Male) |
| 4:33 | Construir | House |
| 5:11 | Crear | Villager (Male) |
| 5:11 | Crear | Villager (Male) |
| 5:42 | Crear | Villager (Male) |
| 5:42 | Crear | Villager (Male) |
| 5:45 | Crear | Villager (Male) |
| 6:12 | Crear | Villager (Male) |
| 6:25 | Crear | Villager (Male) |
| 7:13 | Construir | Mill |
| 7:27 | Crear | Villager (Male) |
| 7:27 | Crear | Villager (Male) |
| 7:28 | Crear | Villager (Male) |
| 7:28 | Crear | Villager (Male) |
| 7:28 | Crear | Villager (Male) |
| 7:29 | Crear | Villager (Male) |
| 7:53 | Construir | Mill |
| 9:35 | Investigar | Feudal Age |
| 10:23 | Construir | Mining Camp |
| 10:31 | Crear | Villager (Male) |
| 10:32 | Crear | Villager (Male) |
| 10:32 | Crear | Villager (Male) |
| 10:32 | Crear | Villager (Male) |
| 10:32 | Crear | Villager (Male) |
| 10:33 | Crear | Villager (Male) |
| 10:33 | Crear | Villager (Male) |
| 11:30 | Construir | Lumber Camp |
| 11:41 | Crear | Villager (Male) |
| 11:42 | Crear | Villager (Male) |
| 11:42 | Crear | Villager (Male) |
| 12:21 | Edad | Edad Feudal |
| 12:22 | Investigar | Horse Collar |
| 12:23 | Investigar | Double-Bit Axe |
| 12:52 | Construir | Mining Camp |
| 13:08 | Construir | Farm |
| 13:09 | Construir | Farm |
| 13:10 | Construir | Farm |
| 13:11 | Construir | Farm |
| 13:12 | Construir | Farm |
| 13:28 | Construir | Farm |
| 13:30 | Construir | Farm |
| 13:31 | Construir | Farm |
| 14:00 | Construir | Farm |
| 14:01 | Construir | Farm |
| 14:19 | Construir | House |
| 14:20 | Construir | House |
| 14:21 | Construir | House |
| 14:23 | Construir | House |
| 14:25 | Construir | House |
| 14:41 | Construir | Stone Wall |
| 15:15 | Construir | Market |
| 15:31 | Construir | Blacksmith |
| 16:42 | Investigar | Castle Age |
| 17:21 | Construir | Farm |
| 17:21 | Construir | Farm |
| 17:22 | Construir | Farm |
| 17:25 | Construir | Farm |
| 17:26 | Construir | Farm |
| 17:28 | Construir | Farm |
| 17:29 | Construir | Farm |
| 19:25 | Investigar | Gold Mining |
| 19:27 | Investigar | Stone Mining |
| 19:33 | Crear | Villager (Male) |
| 19:33 | Crear | Villager (Male) |
| 19:33 | Crear | Villager (Male) |
| 19:33 | Crear | Villager (Male) |
| 19:34 | Crear | Villager (Male) |
| 19:34 | Crear | Villager (Male) |
| 19:34 | Crear | Villager (Male) |
| 19:51 | Crear | Villager (Male) |
| 19:52 | Crear | Villager (Male) |
| 20:09 | Edad | Edad de los Castillos |
| 20:13 | Construir | Castle |
| 20:25 | Construir | Town Center |
| 21:06 | Construir | Donjon |
| 21:18 | Crear | Villager (Male) |
| 21:18 | Crear | Villager (Male) |
| 21:19 | Crear | Villager (Male) |
| 21:19 | Crear | Villager (Male) |
| 21:19 | Crear | Villager (Male) |
| 21:19 | Crear | Villager (Male) |
| 22:16 | Investigar | Wheelbarrow |
| 22:44 | Construir | Farm |
| 22:46 | Construir | Farm |
| 22:48 | Construir | Farm |
| 22:50 | Construir | Farm |
| 22:52 | Construir | Farm |
| 22:53 | Construir | Farm |
| 22:54 | Construir | Farm |
| 23:34 | Investigar | Heavy Plow |
| 23:37 | Investigar | Bow Saw |
| 24:01 | Investigar | Fletching |
| 24:10 | Investigar | First Crusade |
| 24:28 | Crear | Villager (Male) |
| 24:28 | Crear | Villager (Male) |
| 25:39 | Construir | Barracks |
| 26:14 | Construir | Stable |
| 26:16 | Construir | Stable |
| 26:26 | Construir | Barracks |
| 27:23 | Investigar | Squires |
| 28:41 | Investigar | Imperial Age |
| 28:45 | Investigar | Wheelbarrow |
| 29:07 | Investigar | Arson |
| 29:10 | Investigar | Pikeman (upgrade) |
| 29:14 | Investigar | Husbandry |
| 29:16 | Investigar | Bloodlines |
| 29:23 | Investigar | Scale Barding Armor |
| 29:24 | Investigar | Forging |
| 29:36 | Construir | Farm |
| 29:38 | Construir | Farm |
| 29:40 | Construir | Farm |
| 29:42 | Construir | Farm |
| 29:49 | Construir | Farm |
| 29:50 | Construir | Farm |
| 29:52 | Construir | Farm |
| 31:51 | Edad | Edad Imperial |
| 32:09 | Investigar | Elite Serjeant (upgrade) |
| 32:37 | Construir | Monastery |
| 32:38 | Investigar | Cavalier (upgrade) |
| 32:46 | Construir | Stable |
| 32:48 | Construir | Stable |
| 33:02 | Construir | Mining Camp |
| 33:09 | Construir | Castle |
| 33:19 | Crear | Monk |
| 33:35 | Investigar | Gold Shaft Mining |
| 33:39 | Crear | Villager (Male) |
| 33:40 | Crear | Villager (Male) |
| 33:40 | Crear | Villager (Male) |
| 33:40 | Crear | Villager (Male) |
| 33:40 | Crear | Villager (Male) |
| 33:41 | Crear | Villager (Male) |
| 33:44 | Crear | Villager (Male) |
| 33:44 | Crear | Villager (Male) |
| 33:56 | Crear | Villager (Male) |
| 33:56 | Crear | Villager (Male) |
Build order — TURK
Primeras 150 de 480 acciones detectadas
| 0:01 | Crear | Villager (Male) |
| 0:01 | Crear | Villager (Male) |
| 0:02 | Construir | House |
| 0:05 | Construir | House |
| 0:24 | Crear | Villager (Male) |
| 0:36 | Crear | Villager (Male) |
| 1:26 | Crear | Villager (Male) |
| 2:02 | Crear | Villager (Male) |
| 2:19 | Crear | Villager (Male) |
| 2:41 | Crear | Villager (Male) |
| 3:08 | Crear | Villager (Male) |
| 3:39 | Crear | Villager (Male) |
| 3:57 | Crear | Villager (Male) |
| 3:57 | Crear | Villager (Male) |
| 4:25 | Construir | House |
| 4:38 | Crear | Villager (Male) |
| 4:43 | Crear | Villager (Male) |
| 4:44 | Crear | Villager (Male) |
| 5:10 | Construir | Lumber Camp |
| 5:22 | Crear | Villager (Male) |
| 5:43 | Construir | Mill |
| 6:03 | Crear | Villager (Male) |
| 6:10 | Construir | House |
| 6:43 | Crear | Villager (Male) |
| 7:01 | Crear | Villager (Male) |
| 7:27 | Construir | House |
| 7:43 | Investigar | Feudal Age |
| 7:55 | Construir | House |
| 7:57 | Construir | House |
| 8:15 | Crear | Villager (Male) |
| 8:35 | Construir | Mill |
| 9:30 | Crear | Villager (Male) |
| 9:30 | Crear | Villager (Male) |
| 9:53 | Edad | Edad Feudal |
| 10:00 | Construir | Market |
| 10:10 | Construir | Blacksmith |
| 10:16 | Investigar | Double-Bit Axe |
| 10:40 | Construir | Mining Camp |
| 10:43 | Crear | Villager (Male) |
| 10:44 | Crear | Villager (Male) |
| 10:44 | Crear | Villager (Male) |
| 11:43 | Crear | Villager (Male) |
| 12:27 | Construir | Farm |
| 12:44 | Construir | Farm |
| 12:47 | Crear | Villager (Male) |
| 12:54 | Construir | Farm |
| 13:03 | Construir | Farm |
| 13:15 | Construir | Farm |
| 13:21 | Construir | Farm |
| 13:22 | Crear | Villager (Male) |
| 13:27 | Construir | Farm |
| 13:28 | Construir | Farm |
| 13:28 | Construir | Farm |
| 13:29 | Construir | Farm |
| 13:59 | Construir | Farm |
| 14:03 | Crear | Villager (Male) |
| 14:33 | Crear | Villager (Male) |
| 15:03 | Investigar | Castle Age |
| 15:17 | Construir | Mining Camp |
| 15:20 | Investigar | Gold Mining |
| 15:29 | Construir | Farm |
| 15:30 | Construir | Farm |
| 15:31 | Construir | Farm |
| 15:34 | Construir | Farm |
| 15:49 | Investigar | Stone Mining |
| 16:35 | Construir | Barracks |
| 16:45 | Investigar | Wheelbarrow |
| 16:45 | Investigar | Town Watch |
| 16:46 | Investigar | Loom |
| 17:43 | Edad | Edad de los Castillos |
| 17:47 | Construir | Town Center |
| 18:31 | Construir | Town Center |
| 18:39 | Crear | Villager (Male) |
| 18:39 | Crear | Villager (Male) |
| 18:39 | Crear | Villager (Male) |
| 18:40 | Crear | Villager (Male) |
| 18:40 | Crear | Villager (Male) |
| 18:44 | Crear | Villager (Male) |
| 18:58 | Construir | Mining Camp |
| 19:09 | Crear | Villager (Male) |
| 19:09 | Crear | Villager (Male) |
| 19:10 | Crear | Villager (Male) |
| 19:10 | Crear | Villager (Male) |
| 19:10 | Crear | Villager (Male) |
| 19:11 | Crear | Villager (Male) |
| 19:12 | Crear | Villager (Male) |
| 19:34 | Investigar | Horse Collar |
| 19:49 | Crear | Villager (Male) |
| 19:49 | Crear | Villager (Male) |
| 19:52 | Investigar | Gold Shaft Mining |
| 20:16 | Investigar | Bow Saw |
| 20:25 | Crear | Villager (Male) |
| 20:26 | Crear | Villager (Male) |
| 20:26 | Crear | Villager (Male) |
| 20:26 | Crear | Villager (Male) |
| 20:42 | Construir | Farm |
| 20:43 | Construir | Farm |
| 20:50 | Construir | Farm |
| 20:52 | Crear | Villager (Male) |
| 20:55 | Crear | Villager (Male) |
| 20:56 | Crear | Villager (Male) |
| 20:57 | Crear | Villager (Male) |
| 21:28 | Investigar | Stone Shaft Mining |
| 21:36 | Construir | House |
| 21:38 | Construir | House |
| 21:39 | Construir | House |
| 21:41 | Construir | House |
| 22:10 | Crear | Villager (Male) |
| 22:12 | Crear | Villager (Male) |
| 22:17 | Crear | Villager (Male) |
| 22:21 | Investigar | Wheelbarrow |
| 22:29 | Crear | Villager (Male) |
| 22:29 | Crear | Villager (Male) |
| 22:57 | Construir | Monastery |
| 23:23 | Construir | House |
| 23:32 | Construir | Farm |
| 23:47 | Investigar | Heavy Plow |
| 23:53 | Crear | Villager (Male) |
| 23:53 | Crear | Villager (Male) |
| 23:54 | Crear | Villager (Male) |
| 24:06 | Construir | Lumber Camp |
| 24:13 | Crear | Villager (Male) |
| 24:13 | Crear | Villager (Male) |
| 24:13 | Crear | Villager (Male) |
| 24:14 | Crear | Villager (Male) |
| 24:34 | Construir | Siege Workshop |
| 24:39 | Crear | Monk |
| 24:55 | Investigar | Town Patrol |
| 24:55 | Investigar | Hand Cart |
| 25:07 | Crear | Villager (Male) |
| 25:07 | Crear | Villager (Male) |
| 25:12 | Construir | Farm |
| 25:13 | Construir | Farm |
| 25:14 | Construir | Farm |
| 25:14 | Construir | Farm |
| 25:14 | Construir | Farm |
| 25:24 | Crear | Villager (Male) |
| 25:24 | Crear | Villager (Male) |
| 25:35 | Construir | House |
| 25:36 | Construir | House |
| 25:37 | Construir | House |
| 25:38 | Construir | House |
| 25:48 | Construir | Farm |
| 26:21 | Crear | Villager (Male) |
| 26:21 | Crear | Villager (Male) |
| 26:21 | Crear | Villager (Male) |
| 26:22 | Crear | Villager (Male) |
| 26:37 | Construir | Farm |
| 26:38 | Construir | Farm |
| 26:53 | Crear | Trade Cart |
Build order — Ten2004
Primeras 150 de 461 acciones detectadas
| 0:02 | Crear | Villager (Male) |
| 0:02 | Crear | Villager (Male) |
| 0:02 | Crear | Villager (Male) |
| 0:02 | Crear | Villager (Male) |
| 0:03 | Crear | Villager (Male) |
| 0:05 | Construir | House |
| 0:13 | Construir | House |
| 0:15 | Construir | House |
| 0:17 | Construir | House |
| 0:19 | Crear | Villager (Male) |
| 0:21 | Investigar | Loom |
| 1:50 | Crear | Villager (Male) |
| 2:33 | Crear | Villager (Male) |
| 3:13 | Crear | Villager (Male) |
| 3:14 | Crear | Villager (Male) |
| 3:50 | Crear | Villager (Male) |
| 3:50 | Crear | Villager (Male) |
| 3:51 | Crear | Villager (Male) |
| 3:58 | Construir | Lumber Camp |
| 5:18 | Crear | Villager (Male) |
| 5:19 | Crear | Villager (Male) |
| 5:19 | Crear | Villager (Male) |
| 5:20 | Crear | Villager (Male) |
| 5:20 | Crear | Villager (Male) |
| 5:51 | Crear | Villager (Male) |
| 6:18 | Construir | Mill |
| 7:07 | Construir | Mining Camp |
| 7:21 | Construir | Farm |
| 7:47 | Construir | Farm |
| 8:50 | Investigar | Feudal Age |
| 9:13 | Construir | House |
| 9:14 | Construir | House |
| 10:14 | Crear | Villager (Male) |
| 11:00 | Edad | Edad Feudal |
| 11:10 | Construir | Blacksmith |
| 11:16 | Crear | Villager (Male) |
| 11:59 | Construir | Market |
| 12:07 | Crear | Villager (Male) |
| 12:14 | Construir | Farm |
| 12:17 | Construir | Farm |
| 12:54 | Construir | Mining Camp |
| 13:25 | Construir | Barracks |
| 13:41 | Investigar | Castle Age |
| 14:21 | Investigar | Double-Bit Axe |
| 14:38 | Construir | House |
| 14:40 | Construir | House |
| 15:01 | Investigar | Horse Collar |
| 15:13 | Construir | Stable |
| 15:37 | Crear | Villager (Male) |
| 16:01 | Construir | Stable |
| 16:09 | Crear | Spearman |
| 16:16 | Construir | Farm |
| 16:21 | Edad | Edad de los Castillos |
| 16:57 | Crear | Villager (Male) |
| 17:01 | Construir | Farm |
| 17:05 | Crear | Villager (Male) |
| 17:26 | Construir | Farm |
| 17:41 | Crear | Villager (Male) |
| 17:56 | Construir | Farm |
| 18:04 | Crear | Villager (Male) |
| 18:15 | Construir | Farm |
| 18:23 | Crear | Villager (Male) |
| 18:40 | Construir | Farm |
| 18:50 | Crear | Knight |
| 19:16 | Crear | Knight |
| 19:19 | Crear | Villager (Male) |
| 19:42 | Crear | Villager (Male) |
| 19:56 | Construir | Town Center |
| 20:04 | Crear | Knight |
| 20:30 | Crear | Villager (Male) |
| 20:33 | Crear | Knight |
| 21:00 | Crear | Villager (Male) |
| 21:05 | Construir | Farm |
| 21:12 | Crear | Knight |
| 21:14 | Crear | Villager (Male) |
| 21:32 | Construir | Farm |
| 21:37 | Crear | Villager (Male) |
| 21:52 | Investigar | Husbandry |
| 21:55 | Construir | Farm |
| 21:58 | Crear | Villager (Male) |
| 22:19 | Crear | Villager (Male) |
| 22:27 | Construir | Farm |
| 22:34 | Construir | Lumber Camp |
| 22:41 | Crear | Villager (Male) |
| 22:56 | Crear | Villager (Male) |
| 23:11 | Construir | Farm |
| 23:18 | Investigar | Wheelbarrow |
| 23:19 | Crear | Villager (Male) |
| 23:46 | Construir | House |
| 23:47 | Construir | House |
| 23:48 | Construir | House |
| 23:57 | Construir | Monastery |
| 24:00 | Crear | Villager (Male) |
| 24:07 | Investigar | Bow Saw |
| 24:31 | Construir | Castle |
| 24:37 | Crear | Villager (Male) |
| 24:40 | Crear | Monk |
| 24:50 | Crear | Villager (Male) |
| 24:56 | Investigar | Heavy Plow |
| 25:04 | Crear | Villager (Male) |
| 25:07 | Construir | Farm |
| 25:12 | Crear | Villager (Male) |
| 25:25 | Investigar | Fervor |
| 25:27 | Crear | Villager (Male) |
| 25:28 | Crear | Villager (Male) |
| 25:43 | Construir | Town Center |
| 25:48 | Crear | Villager (Male) |
| 26:21 | Investigar | Hand Cart |
| 26:24 | Construir | Farm |
| 26:27 | Construir | Farm |
| 26:29 | Crear | Villager (Male) |
| 26:44 | Construir | House |
| 26:45 | Construir | House |
| 27:05 | Construir | Farm |
| 27:09 | Crear | Villager (Male) |
| 27:11 | Investigar | Bloodlines |
| 28:13 | Construir | Farm |
| 28:17 | Crear | Knight |
| 28:25 | Construir | Mining Camp |
| 28:31 | Crear | Villager (Male) |
| 28:32 | Crear | Villager (Male) |
| 28:32 | Crear | Villager (Male) |
| 28:39 | Crear | Villager (Male) |
| 28:46 | Investigar | Squires |
| 28:46 | Crear | Spearman |
| 29:21 | Crear | Villager (Male) |
| 29:22 | Crear | Villager (Male) |
| 29:24 | Construir | Farm |
| 29:28 | Construir | Farm |
| 29:30 | Crear | Villager (Male) |
| 29:32 | Crear | Knight |
| 29:33 | Crear | Knight |
| 29:51 | Investigar | Pikeman (upgrade) |
| 29:53 | Crear | Villager (Male) |
| 29:54 | Crear | Villager (Male) |
| 29:57 | Construir | Farm |
| 30:06 | Crear | Villager (Male) |
| 30:12 | Construir | Lumber Camp |
| 30:15 | Crear | Villager (Male) |
| 30:38 | Crear | Leitis |
| 30:44 | Crear | Spearman |
| 30:45 | Crear | Spearman |
| 30:47 | Crear | Villager (Male) |
| 30:54 | Construir | Farm |
| 30:57 | Crear | Villager (Male) |
| 31:02 | Construir | Farm |
| 31:26 | Construir | Farm |
| 31:36 | Investigar | Imperial Age |
| 31:39 | Crear | Villager (Male) |
| 31:48 | Construir | Farm |
Cronología de la partida
| 8:43 | sharkisurf · age_up feudal |
| 9:53 | TURK · age_up feudal |
| 10:49 | djoann.fal · age_up feudal |
| 11:00 | Ten2004 · age_up feudal |
| 11:43 | marccm25 · age_up feudal |
| 12:20 | marccm25 · wall_segment Stone Wall x1 |
| 12:21 | DSG16 · age_up feudal |
| 13:25 | Ten2004 · first_building Barracks |
| 14:41 | DSG16 · wall_segment Stone Wall x3 |
| 14:59 | TURK · first_market_sell 100 wood |
| 15:13 | Ten2004 · first_building Stable |
| 15:40 | sharkisurf · first_building Barracks |
| 16:21 | Ten2004 · age_up castle |
| 16:27 | djoann.fal · first_building Barracks |
| 16:35 | TURK · first_building Barracks |
| 17:43 | TURK · age_up castle |
| 18:21 | TURK · first_market_buy 100 wood |
| 18:48 | sharkisurf · first_building Stable |
| 18:58 | djoann.fal · age_up castle |
| 20:09 | DSG16 · age_up castle |
| 20:13 | DSG16 · first_building Castle |
| 20:24 | marccm25 · age_up castle |
| 20:40 | marccm25 · first_building Castle |
| 21:06 | DSG16 · first_building Donjon |
| 21:39 | sharkisurf · first_building Siege Workshop |
| 22:57 | TURK · first_building Monastery |
| 23:57 | Ten2004 · first_building Monastery |
| 24:00 | sharkisurf · age_up castle |
| 24:31 | Ten2004 · first_building Castle |
| 24:34 | TURK · first_building Siege Workshop |
| 25:17 | djoann.fal · first_building Castle |
| 25:39 | DSG16 · first_building Barracks |
| 26:08 | sharkisurf · first_building Castle |
| 26:14 | DSG16 · first_building Stable |
| 27:07 | sharkisurf · first_building Monastery |
| 27:23 | TURK · first_building Archery Range |
| 28:17 | TURK · first_building Castle |
| 29:35 | marccm25 · first_building Barracks |
| 29:44 | TURK · first_building Stable |
| 29:45 | sharkisurf · first_building Archery Range |
| 30:06 | djoann.fal · first_building Siege Workshop |
| 30:09 | marccm25 · age_up imperial |
| 30:28 | marccm25 · first_building Stable |
| 30:55 | djoann.fal · first_market_sell 100 wood |
| 30:56 | TURK · age_up imperial |
| 31:31 | Ten2004 · first_market_sell 500 wood |
| 31:44 | marccm25 · first_market_sell 100 food |
| 31:51 | DSG16 · age_up imperial |
| 32:37 | DSG16 · first_building Monastery |
| 33:05 | djoann.fal · first_building Monastery |
| 34:18 | djoann.fal · age_up imperial |
| 34:46 | Ten2004 · age_up imperial |
| 37:23 | marccm25 · wall_segment Stone Wall x4 |
| 37:33 | marccm25 · wall_segment Stone Wall x7 |
| 40:46 | sharkisurf · first_market_sell 100 wood |
| 42:50 | sharkisurf · age_up imperial |
| 56:34 | marccm25 · wall_segment Stone Wall x1 |
| 56:35 | marccm25 · wall_segment Stone Wall x1 |
| 58:59 | marccm25 · first_market_buy 100 stone |
| 60:30 | Ten2004 · first_building Siege Workshop |
| 60:57 | DSG16 · wall_segment Stone Wall x8 |
| 62:56 | marccm25 · first_building Siege Workshop |
| 63:12 | DSG16 · first_market_sell 100 wood |
| 68:35 | DSG16 · first_market_buy 100 stone |
| 69:37 | djoann.fal · wall_segment Stone Wall x7 |
| 69:40 | djoann.fal · wall_segment Stone Wall x7 |
| 69:43 | djoann.fal · wall_segment Stone Wall x12 |
| 70:30 | sharkisurf · resign |
| 72:51 | DSG16 · wall_segment Stone Wall x2 |
| 73:02 | DSG16 · wall_segment Stone Wall x10 |
| 75:05 | DSG16 · wall_segment Stone Wall x9 |
[ ANÁLISIS IA · 1 CRÉDITO ]
¿Qué pasó realmente en esta partida?
Wolo.gg analiza cada decisión: build order, eco, micro, errores típicos por bracket. Análisis personalizado por WhatsApp o Discord en 30 segundos.
Guía civ
Romanos
Perfil
Jugador #2390125